 Dungeon Crawl Stone Soup version 0.30.1-3-gfc49f6343a (webtiles) character file.

Game seed: 3765622464578426147

13127 Babbit the Cleaver (level 11, -1/101 HPs)
             Began as a Minotaur Fighter on Aug 6, 2023.
             Was an Elder of Okawaru.
             Slain by a meliai
             ... wielding a +0 hand axe
              (5 damage)
             ... on level 9 of the Dungeon on Aug 7, 2023.
             The game lasted 01:02:48 (9474 turns).

Babbit the Cleaver (Minotaur Fighter)               Turns: 9474, Time: 01:02:48

Health: -1/101     AC:  0    Str: 24    XL:     11   Next: 71%
Magic:  6/11       EV: 13    Int:  5    God:    Okawaru [****..]
Gold:   668        SH:  0    Dex: 11    Spells: 10/10 levels left

rFire   . . .        a - melded +1 war axe (freeze)
rCold   . . .        t - melded +2 kite shield
rNeg    . . .        b - melded +0 scale mail
rPois   .            (helmet currently unavailable)
rElec   .            K - melded scarf {shadows}
rCorr   .            U - melded +0 pair of gloves
SInv    .            F - melded +0 pair of boots
Will    .....        S - amulet of regeneration
Stlth   +            g - melded +6 ring of dexterity
HPRegen 1.16/turn    y - melded +4 ring of protection
MPRegen 0.12/turn

%: no passive effects
@: mighty, about to teleport, pig-form, finesse-ful, very quick
A: fast, no casting, small, (horns 2), (retaliatory headbutt)
a: Renounce Religion, Heroism, Finesse


You were on level 9 of the Dungeon.
You worshipped Okawaru.
Okawaru was greatly pleased with you.
You were a filthy swine.
You visited 2 branches of the dungeon, and saw 10 of its levels.
You also visited: Ossuary.

You collected 668 gold pieces.

Inventory:

Hand Weapons
 a - a +1 war axe of freezing (melded)
 c - a +1 hand axe of electrocution
 J - the +7 morningstar of Cuoshor {heavy, Fragile rN+ Dex+3}
   (You found it on level 7 of the Dungeon)

   Dex:       It affects your dexterity (+3).
   rN:        It protects you from negative energy.
   Fragile:   It will be destroyed if unequipped.
 L - a +0 dagger
 Q - a +4 scimitar of flaming
Missiles
 E - 7 boomerangs
 H - a silver boomerang (quivered)
 R - a throwing net
Armour
 b - a +0 scale mail (melded)
 t - a +2 kite shield (melded)
 F - a +0 pair of boots (melded)
 K - a scarf of shadows (melded)
 U - a +0 pair of gloves (melded)
Jewellery
 g - a +6 ring of dexterity (melded)
 i - an amulet of faith
 l - an amulet of guardian spirit
 y - a +4 ring of protection (melded)
 S - an amulet of regeneration (around neck)
Wands
 p - a wand of digging (6)
 M - a wand of polymorph (14)
 N - a wand of iceblast (10)
 T - a wand of flame (18)
Scrolls
 e - 2 scrolls of enchant weapon
 h - 4 scrolls of teleportation
 n - a scroll of poison
 q - a scroll of blinking
 s - a scroll of enchant armour
 u - 2 scrolls of silence {unknown}
 v - a scroll of immolation
 D - 4 scrolls of amnesia
 G - a scroll of butterflies {unknown}
 I - a scroll of magic mapping
Potions
 d - a potion of might
 k - a potion of invisibility
 o - 4 potions of curing
 r - 2 potions of resistance
 w - 2 potions of haste
 x - a potion of brilliance {unknown}
 z - 2 potions of attraction
 A - a potion of lignification {unknown}
 B - 2 potions of mutation
 C - a potion of ambrosia {unknown}
 P - a potion of flight {unknown}


   Skills:
 + Level 10.3 Fighting
 * Level 13.8 Axes
 - Level 5.0 Throwing
 + Level 10.3 Armour
 + Level 10.5 Shields
 + Level 2.0 Invocations


You had 10 spell levels left.
You didn't know any spells.
Your spell library contained the following spells:

 Spells                   Type           Power      Damage    Failure   Level
 Apportation              Tloc           0%         N/A       47%         1
 Necrotise                Necr           0%         1d4       47%         1
 Blink                    Tloc           0%         N/A       63%         2
 Lesser Beckoning         Tloc           0%         N/A       63%         2
 Momentum Strike          Conj/Tloc      0%         3d8       63%         2
 Portal Projectile        Hex/Tloc       0%         N/A       85%         3
 Blade Hands              Tmut           0%         N/A       100%        5
 Summon Small Mammal      Summ           Unusable   N/A       N/A         1
 Tukima's Dance           Hex            Unusable   N/A       N/A         3

Dungeon Overview and Level Annotations

Branches:
Dungeon (9/15)             Temple (1/1) D:4            Lair (0/5) D:8
    Orc (0/2) D:9         Ossuary (visited)

Altars:
Ashenzari
Cheibriados
Dithmenos
Elyvilon
Fedhas
Gozag
Hepliaklqana
Kikubaaqudgha
Makhleb
Nemelex Xobeh
Okawaru
Qazlal
Ru
Sif Muna
Trog
Uskayaw
Vehumet
Wu Jian
Xom
Yredelemnul
Zin
The Shining One

Shops:
D:3 :   D:7 (


Innate Abilities, Weirdness & Mutations

You are a filthy swine.
You move quickly.
Your equipment is almost entirely melded.
You are incapable of wielding weapons or throwing items.
You cannot cast spells.
((You have a pair of horns on your head.))
((You reflexively headbutt those who attack you in melee.))


Message History

The deep elf pyromancer blinks!
You hit the fire elemental. You freeze the fire elemental.
The fire elemental is almost destroyed.
You block the fire elemental's attack.
You slice the fire elemental!! You freeze the fire elemental.
You destroy the fire elemental!
The fire elemental disappears in a puff of smoke!
The meliai zaps a wand.
You easily resist.
The meliai zaps a wand.
You turn into a filthy swine.
Your +1 war axe of freezing melds into your body.
Your scarf of shadows melds into your body.
Your +0 pair of gloves melds into your body.
Your +0 pair of boots melds into your body.
Your +2 kite shield melds into your body.
Your +0 scale mail melds into your body.
Your +6 ring of dexterity melds into your body.
Your +4 ring of protection melds into your body.
Your +1 war axe of freezing stops glowing.
The dungeon's light returns to normal.
You feel clumsy.
You bite the deep elf pyromancer!
The deep elf pyromancer is moderately wounded.
The meliai mumbles some strange prayers to its god against you.
Something smites you!
The deep elf pyromancer points at you and mumbles some strange words.
The sticky flame hits you.
You are covered in liquid flames!
You are covered in liquid flames!
As you read the scroll of teleportation, it crumbles to dust.
You feel strangely unstable.
You are covered in liquid flames!
The meliai hits you with a +0 hand axe!
* * * LOW HITPOINT WARNING * * *
The meliai stings you!
* * * LOW HITPOINT WARNING * * *
The deep elf pyromancer casts a spell.
The meliai hits you with a +0 hand axe!
* * * LOW HITPOINT WARNING * * *
The meliai stings you.
You die...

. .. #### ###...# .
#e#'..# ###...### #.#c)?#
###...### # y#..!#
###...### .
######...#####...#.#######
#.....T...##.............#
#..#.#.#..#.E########..#.#
#.......##e## ##'###
#..#.#..#.h# ♣♣[♣♣♣
##.....##y## ♣♣...?♣♣
#.T#.y#)## ♣..♣#?.♣#
##...##.# ###♣.###♣..+
#...#..# ##.'..♣###.♣#
##)##..# #..#♣).#♣..♣
#)#...# #.##♣♣....♣♣
#'#...# #.# ♣♣♣.♣♣
#...#..#.# #.# #+#


You could see a deep elf pyromancer, a fire elemental (summoned) and a meliai
(resistant).

Vanquished Creatures
  A rakshasa (D:9)
  2 two-headed ogres
  2 boulder beetles (D:9)
  Erica (D:8)
  A centaur warrior (D:9)
  A skeletal warrior (D:9)
  An ugly thing (D:9)
  Maggie (D:7)
  2 trolls (D:9)
  Prince Ribbit (D:7)
  A shadow (D:9)
  18 yaks
  A vampire mosquito (D:9)
  2 acid dragons (D:8)
  Duvessa (D:4)
  6 orc warriors
  A sky beast (D:3)
  2 black bears
  A boggart (D:9)
  An ogre (D:5)
  A centaur (D:9)
  A phantom (D:7)
  5 kobold brigands
  2 bullfrogs
  A gnoll sergeant (D:7)
  A scorpion (D:7)
  9 wights
  Dowan (D:4)
  9 killer bees
  3 howler monkeys
  2 jellies
  6 orc priests
  3 gnoll boudas
  5 hounds
  5 iguanas
  6 orc wizards
  3 mummies (Ossuary)
  4 adders
  30 gnolls
  A white imp (D:7)
  3 adder zombies (Ossuary)
  3 worms
  A dart slug (D:1)
  25 orcs
  8 endoplasms
  2 goblins (D:4)
  8 hobgoblins
  2 jackals (D:3)
  51 kobolds
  4 quokkas
  4 ball pythons
  3 bats
  5 frilled lizards
  5 goblin zombies (Ossuary)
  2 hobgoblin zombies (Ossuary)
  A kobold zombie (Ossuary)
  3 quokka zombies (Ossuary)
  8 rats
  4 rat zombies (Ossuary)
287 creatures vanquished.

Vanquished Creatures (others)
  A gnoll (D:8)
1 creature vanquished.

Grand Total: 288 creatures vanquished

Notes
Turn   | Place    | Note
-------+----------+-------------------------------------------
     0 | D:1      | Babbit the Minotaur Fighter began the quest for the Orb.
     0 | D:1      | Reached XP level 1. HP: 19/19 MP: 0/0
   102 | D:1      | Reached XP level 2. HP: 27/27 MP: 1/1
   130 | D:1      | Reached skill level 3 in Axes
   341 | D:1      | Found a faded altar of an unknown god.
   769 | D:2      | Reached XP level 3. HP: 33/33 MP: 2/2
  1504 | D:3      | Reached XP level 4. HP: 37/40 MP: 3/3
  1544 | D:3      | Found an opulent altar of Gozag.
  1657 | D:3      | Reached skill level 4 in Axes
  1756 | D:3      | Reached XP level 5. HP: 21/47 MP: 4/4
  1913 | D:3      | Reached skill level 1 in Throwing
  2118 | D:3      | Reached skill level 5 in Axes
  2118 | D:3      | Reached XP level 6. HP: 51/55 MP: 5/5
  2148 | D:3      | Reached skill level 5 in Fighting
  2148 | D:3      | Reached skill level 5 in Armour
  2148 | D:3      | Reached skill level 5 in Shields
  2315 | D:3      | Found a white marble altar of Elyvilon.
  2325 | D:3      | Found Ehoac's Vocational Training.
  2434 | D:3      | Found a glowing silver altar of Zin.
  2434 | D:3      | Noticed an angel
  2470 | D:3      | Found an ornate altar of the Wu Jian Council.
  2607 | D:3      | Noticed a sky beast
  2615 | D:3      | Killed a sky beast
  2616 | D:3      | Reached skill level 6 in Axes
  2616 | D:3      | Reached XP level 7. HP: 56/61 MP: 4/6
  2862 | D:4      | Found a staircase to the Ecumenical Temple.
  2919 | Temple   | Entered the Ecumenical Temple
  2919 | Temple   | Found a transporter.
  2919 | Temple   | Found a transporter.
  2921 | Temple   | Found a transporter.
  2921 | Temple   | Found a transporter.
  2949 | Temple   | Became a worshipper of Warmaster Okawaru
  3324 | D:4      | Noticed Dowan
  3336 | D:4      | Killed Dowan
  3345 | D:4      | Noticed Duvessa
  3352 | D:4      | Killed Duvessa
  3575 | D:4      | Found a shimmering blue altar of Sif Muna.
  3606 | D:4      | Reached skill level 7 in Axes
  3606 | D:4      | Reached XP level 8. HP: 56/70 MP: 5/7
  4043 | D:5      | Entered Level 5 of the Dungeon
  4082 | D:5      | Reached * piety under Okawaru
  4472 | D:5      | Found a sand-covered staircase.
  4512 | Ossuary  | Entered an ossuary
  4785 | D:5      | Reached skill level 8 in Axes
  4868 | D:5      | Found a hide-covered altar of Uskayaw.
  5655 | D:7      | Found a burning altar of Makhleb.
  5714 | D:7      | Found a hazy altar of Hepliaklqana.
  5747 | D:7      | Noticed Maggie
  5759 | D:7      | Killed Maggie
  5759 | D:7      | Reached ** piety under Okawaru
  5760 | D:7      | Reached XP level 9. HP: 47/78 MP: 3/8
  6021 | D:7      | Found a sparkling altar of Nemelex Xobeh.
  6054 | D:7      | Reached skill level 9 in Axes
  6110 | D:7      | Identified the +7 morningstar of Cuoshor {heavy, Fragile
                  | rN+ Dex+3}
  6114 | D:7      | Noticed Prince Ribbit
  6122 | D:7      | Killed Prince Ribbit
  6225 | D:7      | Found a snail-covered altar of Cheibriados.
  6225 | D:7      | Found a basalt altar of Yredelemnul.
  6341 | D:7      | Found a transporter.
  6346 | D:7      | Found a transporter.
  6631 | D:7      | Found Uxeolus's Weapon Boutique.
  7183 | D:7      | Reached skill level 5 in Throwing
  7214 | D:7      | Reached skill level 10 in Axes
  7621 | D:8      | Reached XP level 10. HP: 76/88 MP: 7/9
  7663 | D:8      | Noticed Erica
  7677 | D:8      | Killed Erica
  7677 | D:8      | Reached *** piety under Okawaru
  7682 | D:8      | Reached skill level 11 in Axes
  8577 | D:8      | Noticed a two-headed ogre
  8582 | D:8      | Killed a two-headed ogre
  8582 | D:8      | Received a gift from Okawaru
  8711 | D:8      | Found a staircase to the Lair.
  8787 | D:9      | Found a staircase to the Orcish Mines.
  8792 | D:8      | Reached skill level 12 in Axes
  9001 | D:9      | Reached XP level 11. HP: 87/97 MP: 10/10
  9017 | D:9      | Reached **** piety under Okawaru
  9071 | D:9      | Found a runed translucent door.
  9076 | D:9      | Noticed a skeletal warrior
  9078 | D:9      | Noticed a green ugly thing
  9088 | D:9      | Noticed a boulder beetle
  9095 | D:9      | Killed a skeletal warrior
  9114 | D:9      | Killed a green ugly thing
  9115 | D:9      | Reached skill level 13 in Axes
  9126 | D:9      | Killed a boulder beetle
  9127 | D:9      | Reached skill level 10 in Shields
  9192 | D:9      | Noticed a boulder beetle
  9231 | D:9      | Killed a boulder beetle
  9231 | D:9      | Received a gift from Okawaru
  9232 | D:9      | Reached skill level 10 in Fighting
  9232 | D:9      | Reached skill level 10 in Armour
  9362 | D:9      | Noticed a two-headed ogre
  9373 | D:9      | Killed a two-headed ogre
  9373 | D:9      | Noticed a rakshasa
  9375 | D:9      | Reached skill level 1 in Invocations
  9396 | D:9      | Killed a rakshasa
  9426 | D:9      | Noticed a deep elf pyromancer
  9427 | D:9      | Noticed a centaur warrior
  9454 | D:9      | Killed a centaur warrior
  9474 | D:9      | HP: 4/101 [meliai/+0 hand axe (7)]
  9474 | D:9      | Slain by a meliai

Illustrated notes

Levels and vault maps discovered:
D:1:      minmay_arrival_hallway, layout_basic,
          shapermc_ecumenical_altar_mp_ritualfount, hangedman_decor_opposing,
          minmay_small_reverse_x
D:2:      layout_basic, minmay_pentomino_z2
D:3:      minmay_goblin_kobold_castle, layout_rooms, zin_angel,
          mainiacjoe_overflow_small_starburst, overflow_temple_1_default,
          grunt_gozag_breadcrumbs, chequers_serial_rivers_room_b,
          nicolae_shop_vocational
D:4:      layout_gridville, nicolae_overflow_hidden_temple, temple_pool_b,
          uniq_duvessa
D:5:      layout_cave_pools, nicolae_uskayaw_suspiria,
          nicolae_ossuary_entry_plus
D:6:      layout_cave_pods
D:7:      gammafunk_beogh_shrine, layout_basic, mainiacjoe_overflow_alcove_4,
          nicolae_hepliaklqana_hippocampus, kennysheep_little_box,
          gammafunk_temple_overflow_elements, serial_shops, shop,
          uniq_prince_ribbit1, uniq_maggie
D:8:      layout_basic, grunt_lair_entry_orc_guard_hut, uniq_erica
D:9:      minmay_the_grid_four_pointed_star
          [minmay_the_grid_triangle_9x9_subtriangle,
          minmay_the_grid_triangle_9x9_empty,
          minmay_the_grid_triangle_9x9_negative_grid,
          minmay_the_grid_triangle_9x9_sparse_checkered,
          minmay_the_grid_prize_four_corners], layout_loops_ring,
          kennysheep_another_room
Temple:   hellmonk_temple_divided_pantheon

Skill      XL: |  1  2  3  4  5  6  7  8  9 10 11 |
---------------+----------------------------------+-----
Axes           | 3 4 5 6 7 8 10 12 13 | 13.8
Fighting       | 4 5 6 8 9 10 | 10.3
Armour         | 4 5 6 8 9 10 | 10.3
Shields        | 4 5 6 8 9 10 | 10.5
Throwing       | 1 2 3 4 5 |  5.0
Invocations    | 2 |  2.0

Action                     |  1- 3 |  4- 6 |  7- 9 | 10-12 || total
---------------------------+-------+-------+-------+-------++-------
  Melee: War axe           |    79 |   124 |   280 |   275 ||   758
         Headbutt          |    13 |    18 |    55 |    58 ||   144
         Unarmed           |       |       |       |     1 ||     1
  Throw: Boomerang         |     5 |    11 |    49 |    27 ||    92
 Invoke: Heroism           |       |       |     3 |     9 ||    12
         Finesse           |       |       |       |     1 ||     1
  Evoke: Wand              |       |       |       |     3 ||     3
    Use: Scroll            |     1 |     5 |     3 |    13 ||    22
         Potion            |       |       |     1 |     6 ||     7
 Armour: Scale mail        |    39 |    49 |    95 |    83 ||   266
  Dodge: Dodged            |    41 |    60 |    86 |    71 ||   258
  Block: Buckler           |    13 |    33 |       |       ||    46
         Kite shield       |       |     2 |   193 |   170 ||   365
